 Dungeon Crawl Stone Soup version 0.24-a0-170-gd8427f5 (webtiles) character file.

Game seed: 0

49 Azzok the Skirmisher (level 3, -1/33 HPs)
             Began as a Hill Orc Fighter on Feb 18, 2019.
             Slain by Sigmund
             ... wielding a cursed -3 scythe
              (2 damage)
             ... on level 3 of the Dungeon on Mar 9, 2019.
             The game lasted 00:05:09 (1481 turns).

Azzok the Skirmisher (Hill Orc Fighter)             Turns: 1481, Time: 00:05:10

Health: -1/33      AC:  8    Str: 24    XL:     3   Next: 77%
Magic:  3/3        EV:  7    Int:  8    God:
Gold:   106        SH:  9    Dex: 10    Spells: 2/2 levels left

rFire    . . .     SeeInvis .   a - +0 rapier
rCold    . . .     Gourm    .   c - +0 shield
rNeg     + . .     Faith    .   b - +0 scale mail
rPois    .         Spirit   .   (no helmet)
rElec    .         Reflect  .   (no cloak)
rCorr    .         Harm     .   k - +0 pair of gloves
MR       .....                  (no boots)
Stlth    ..........             (no amulet)
HPRegen  0.11/turn              p - ring of positive energy
MPRegen  0.08/turn              (no ring)

@: mighty
A: no striking features
a: no special abilities


You were on level 3 of the Dungeon.
You were not hungry.

You visited 1 branch of the dungeon, and saw 3 of its levels.

You collected 106 gold pieces.

Inventory:

Hand Weapons
 a - a +0 rapier (weapon)
Armour
 b - a +0 scale mail (worn)
 c - a +0 shield (worn)
 k - a +0 pair of gloves (worn)
 t - a +0 helmet
Jewellery
 p - a ring of positive energy (left hand)
 r - a cursed +4 amulet of reflection {unknown}
Scrolls
 h - a scroll of immolation {unknown}
 i - a scroll of remove curse {unknown}
 m - a scroll of teleportation {unknown}
Potions
 e - a potion of heal wounds {unknown}
 j - a potion of invisibility {unknown}
 l - a potion of degeneration {unknown}
 n - a potion of flight {unknown}
 o - a potion of mutation {unknown}
 q - a potion of haste {unknown}
 s - a potion of curing {unknown}
Comestibles
 f - 7 rations
 g - 5 chunks of flesh


   Skills:
 + Level 4.2 Fighting
 + Level 2.6 Short Blades
 + Level 3.8 Armour
 + Level 3.7 Shields


You had 2 spell levels left.
You didn't know any spells.
Your spell library was empty.

Dungeon Overview and Level Annotations

Branches:
Dungeon (3/15)

Altars:

Annotations:
D:3 Sigmund


Message History

You puncture Sigmund!
Sigmund is moderately wounded.
Sigmund says, "Don't worry, I'll kill you fast."
Sigmund gestures at you while chanting. The puff of flame hits you.
* * * LOW HITPOINT WARNING * * *
You puncture Sigmund!
Sigmund is heavily wounded.
Sigmund hits you with a cursed -3 scythe!
* * * LOW HITPOINT WARNING * * *
You puncture Sigmund!
Sigmund is severely wounded.
You block Sigmund's attack.
You hit Sigmund.
Sigmund is almost dead.
Some of the chunks of flesh in your inventory have rotted away.
You barely miss Sigmund.
Sigmund is almost dead.
Sigmund hits you with a cursed -3 scythe.
You die...

·▒▒ ▒·<·▒ ▒▒······
▒▒▒▒▒▒▒···▒▒▒▒▒▒▒▒▒··▒▒·
·················▒▒▒·▒▒·
·················▒ ▒····
·················▒ ▒··▒·
▒·▒▒▒·▒···▒·▒▒▒▒·▒ ▒··▒·
▒ ▒···▒·▒ ▒·▒▒▒····
▒·>·▒·▒ ▒········
▒@··▒·▒ ▒▒▒▒▒▒·▒▒
▒@··▒·▒ ▒·▒ ······▒ ▒·▒
·········· ▒·▒
··▒···▒·▒▒· ▒·▒▒
▒··▒·····/· ▒···
▒········▒▒· ▒▒▒▒ ▒·
·▒··▒·▒


You could see Sigmund.

Vanquished Creatures
  A worm (D:2)
  2 leopard geckos
  An orc (D:3)
  A ball python (D:3)
  2 giant cockroaches
  5 goblins
  6 hobgoblins
  4 jackals (D:1)
  2 quokkas (D:2)
  4 bats
  A frilled lizard (D:1)
  5 kobolds
  4 rats
38 creatures vanquished.

Notes
Turn   | Place    | Note
-------+----------+-------------------------------------------
     0 | D:1      | Azzok the Hill Orc Fighter began the quest for the Orb.
     0 | D:1      | Reached XP level 1. HP: 19/19 MP: 1/1
   122 | D:1      | Upgraded the game from 0.24-a0-117-g53b5160 to
                  | 0.24-a0-170-gd8427f5
   363 | D:1      | Reached XP level 2. HP: 27/27 MP: 2/2
   619 | D:2      | Reached skill level 4 in Fighting
   698 | D:2      | Reached XP level 3. HP: 33/33 MP: 3/3
  1465 | D:3      | Noticed Sigmund
  1478 | D:3      | HP: 1/33 [Sigmund/cursed -3 scythe (8)]
  1481 | D:3      | Slain by Sigmund

Levels and vault maps discovered:
D:1:      eino_arrival_druids_welcome, layout_basic
D:2:      layout_loops_ring, minmay_hexomino_p4
D:3:      layout_loops_cross, lemuel_coloured_pillars_altar, uniq_sigmund

Skill      XL: |  1  2 |
---------------+-------+-----
Fighting       | 4 |  4.2
Short Blades   | |  2.6
Armour         | |  3.8
Shields        | |  3.7

Action                   || total
-------------------------++-------
Melee: Rapier            ||   137
  Use: Potion            ||     1
  Eat: Chunk             ||     2
Armor: Scale mail        ||    62
Dodge: Dodged            ||    41
Block: Shield            ||    70

Table legend:
 A = Non-vault XP
 B = Vault XP
 C = Vault XP percentage of total XP
 D = Non-vault monster count
 E = Vault monster count
 F = Vault count percentage of total count
                 A         B        C        D         E       F
            +---------+---------+-------+---------+---------+-------
      Total |      66 |       5 |   7.0 |      35 |       3 |   7.9
            +---------+---------+-------+---------+---------+-------
        D:1 |      18 |       0 |   0.0 |      11 |       0 |   0.0
        D:2 |      34 |       5 |  12.8 |      17 |       3 |  15.0
        D:3 |      14 |       0 |   0.0 |       7 |       0 |   0.0
            +---------+---------+-------+---------+---------+-------
